 Dungeon Crawl Stone Soup version 0.21-a0-163-g3aa3f5d (webtiles) character file.

401243 Eptagon the Impregnable (level 23, -5/161 HPs)
             Began as a Gargoyle Berserker on Aug 4, 2017.
             Was the Champion of Trog.
             Killed from afar by a battlesphere (10 damage)
             ... created by a tengu reaver
             ... on level 5 of the Vaults on Aug 5, 2017.
             The game lasted 02:05:32 (46098 turns).

Eptagon the Impregnable (Gargoyle Berserker)       Turns: 46098, Time: 02:05:32

Health: -5/161     AC: 49    Str: 22    XL:     23   Next: 30%
Magic:  7/7        EV: 11    Int: 10    God:    Trog [******]
Gold:   1460       SH: 29    Dex: 16    Spells: 22/22 levels left

rFire    + + .     SeeInvis .   a - +9 eveningstar (antimagic)
rCold    + + .     Gourm    .   A - +0 large shield {rF+}
rNeg     + + .     Faith    .   E - +5 plate armour "Igou" {MR+}
rPois    ∞         Spirit   .   N - -2 hat of the Alchemist {rElec rPois rF+ rC+ rN+ MR+ rMut rCorr}
rElec    +         Reflect  +   J - +1 cloak {MR+}
rCorr    +         Harm     .   M - +1 pair of gloves
rMut     +                      m - +2 pair of boots {run}
MR       +++++                  R - +6 amulet of reflection
Stlth    ..........             Z - ring of protection from cold
HPRegen  0.36/turn              I - ring of protection from magic
MPRegen  0.10/turn

@: flying, drained, quick
A: big wings, negative energy resistance 1, sense surroundings 1, electricity
resistance, wild magic 1, unbreathing, petrification resistance, rot immunity,
AC +17
}: 2/15 runes: decaying, gossamer
a: Stop Flying, Berserk, Trog's Hand, Brothers in Arms, Burn Spellbooks,
Renounce Religion


You were on level 5 of the Vaults.
You worshipped Trog.
Trog was exalted by your worship.
You were hungry.

You visited 8 branches of the dungeon, and saw 40 of its levels.
You visited 1 bazaar.
You also visited: Volcano.

You collected 4532 gold pieces.
You spent 3072 gold pieces at shops.

Inventory:

Hand Weapons
 a - a +9 antimagic eveningstar (weapon)
 b - the +5 demon whip "Spellbinder" {antimagic, MR+}
   (Trog gifted it to you on level 3 of the Spider Nest)

   It reduces the magical energy of the wielder, and disrupts the spells and
   magical abilities of those hit.
   Natural abilities and divine invocations are not affected.
   It affects your resistance to hostile enchantments.
Missiles
 T - a throwing net (quivered)
 V - 6 javelins of penetration
Armour
 m - a +2 pair of boots of running (worn)
 A - a +0 large shield of fire resistance (worn)
 E - the +5 plate armour "Igou" (worn) {MR+}
   (You found it on level 5 of the Vaults)

   It affects your resistance to hostile enchantments.
 J - a +1 cloak of magic resistance (worn)
 M - a +1 pair of gloves (worn)
 N - the -2 hat of the Alchemist (worn) {rElec rPois rF+ rC+ rN+ MR+ rMut rCorr}
   (You found it on level 3 of the Elven Halls)

   It protects you from fire.
   It protects you from cold.
   It insulates you from electricity.
   It protects you from poison.
   It protects you from negative energy.
   It affects your resistance to hostile enchantments.
   It protects you from acid and corrosion.
   It protects you from mutation.
Jewellery
 I - a ring of protection from magic (right hand)
 R - a +6 amulet of reflection (around neck)
 Z - a ring of protection from cold (left hand)
Wands
 d - a wand of iceblast (10/15)
 e - a wand of digging (6/24)
 v - a wand of acid (5/15)
 D - a wand of digging (13/24)
 P - a wand of iceblast (10/15)
 S - a wand of clouds (4/9)
Scrolls
 g - 7 scrolls of enchant armour
 j - 6 scrolls of fog
 o - 3 scrolls of magic mapping
 r - 13 scrolls of teleportation
 s - 19 scrolls of remove curse
 w - a scroll of silence
 F - 2 scrolls of recharging
 K - 2 scrolls of fear
 U - 6 scrolls of blinking
 Y - 3 scrolls of immolation
Potions
 c - 3 potions of resistance
 i - 6 potions of agility
 k - 7 potions of ambrosia
 n - 7 potions of cancellation
 p - a potion of invisibility
 q - 9 potions of lignification
 t - 12 potions of haste
 u - 31 potions of curing
 x - a potion of heal wounds
 C - 8 potions of might
 H - 2 potions of mutation
Miscellaneous
 l - a lamp of fire
 y - a lightning rod (4/4)
 L - 3 phantom mirrors
 W - a phial of floods
Comestibles
 f - 14 bread rations
 z - 13 fruits
 B - 27 royal jellies
 G - 23 meat rations


   Skills:
 + Level 21.7(20.3) Fighting
 - Level 16.0(14.7) Maces & Flails
 + Level 21.8(20.4) Armour
 + Level 8.8(7.8) Dodging
 + Level 21.5(20.1) Shields


You had 22 spell levels left.
You didn't know any spells.

Dungeon Overview and Level Annotations

Branches:
Dungeon (15/15)            Temple (1/1) D:4            Lair (6/6) D:9
  Swamp (4/4) Lair:2       Spider (4/4) Lair:2        Slime (0/5) Lair:5
    Orc (2/2) D:11            Elf (3/3) Orc:2        Vaults (5/5) D:13
  Crypt (0/3) Vaults:2     Depths (0/5) D:15

Altars:
Ashenzari
Cheibriados
Dithmenos
Elyvilon
Fedhas
Gozag
Hepliaklqana
Kikubaaqudgha
Makhleb
Nemelex Xobeh
Okawaru
Qazlal
Ru
Sif Muna
Trog
Uskayaw
Vehumet
Wu Jian
Xom
Yredelemnul
Zin
The Shining One
Beogh

Shops:
D:4 *   D:6 !   D:7 !   D:8 [   D:9 !   D:11 ((   Orc:2 [(:!   Elf:1 !*!?(!


Innate Abilities, Weirdness & Mutations

You are resistant to torment.
Your stone body is resilient. (AC +17)
You are immune to poison.
Your large and strong wings let you fly indefinitely.
You resist negative energy. (rN+)
You are resistant to electric shocks. (rElec)
You can survive without breathing.
You are immune to petrification.
You are immune to rotting.
You passively map a small area around you.
Your spells are a little harder to cast, but a little more powerful.


Message History

The deep elf archer unwields an uncursed enchanted dagger.
The deep elf archer wields an uncursed shortbow.
The deep elf archer shoots an arrow.
You reflect the arrow off an invisible shield around you!
The arrow hits the deep elf archer!!
You block the deep elf mage's attack.
The tengu reaver gestures wildly while chanting.
The tengu reaver conjures a globe of magical energy!
The deep elf mage points at you and mumbles some strange words.
The stone arrow reflects off an invisible shield around you!
The stone arrow hits the deep elf mage.
A battlesphere comes into view.
The deep elf mage points at you and mumbles some strange words.
The bolt of magma hits you! You partially resist.
* * * LOW HITPOINT WARNING * * *
The tengu reaver gestures at you while chanting.
The fireball explodes!
The fireball engulfs you! You resist.
* * * LOW HITPOINT WARNING * * *
The battlesphere fires!
The barrage of energy hits you!
You die...

#.,#)#...###...#
#.,#§L..## ...# ,
,, ,, .. #..#...##
** , , .. #..#..##
*, , .. #...§## ,,
, ..
#...*##############
** *##
#....eee...........
..
#....e.e*..........
..
#..(....e..@.......
..
#......Q...........
..
#....##############
* * ## #....,, ,,
,e. #..#. ,, * , ..
#..#. , , **, , ,..
#..#. , , * , ,. #,
, , , , , ,


You could see a tengu reaver, 2 deep elf archers, 4 deep elf magi and 2
battlespheres.

Vanquished Creatures
  Mara (Swamp:4)
  the Lernaean hydra (Swamp:4)
  A golden dragon (Vaults:5)
  Nikola (Spider:4)
  A lich (Vaults:5)
  Jorgrun (Swamp:3)
  3 tentacled monstrosities
  3 deep elf blademasters
  3 deep elf master archers (Elf:3)
  A quicksilver dragon (Vaults:5)
  Kirke (Swamp:1)
  Gastronok (Lair:1)
  2 thorn hunters (Swamp:4)
  2 sphinxes
  3 storm dragons
  Donald (Swamp:1)
  2 shadow dragons (Vaults:5)
  3 tengu reavers
  A fire giant (Vaults:4)
  6 emperor scorpions (Spider:4)
  10 vault wardens
  Aizul (Spider:3)
  5 frost giants
  2 ghost moths (Spider:4)
  An orc warlord (Orc:2)
  9 deep elf sorcerers
  A curse skull (Vaults:2)
  A large abomination (Elf:2)
  3 deep elf elementalists
  9 ironheart preservers
  3 war gargoyles
  4 stone giants
  3 entropy weavers
  2 very ugly things
  8 deep elf demonologists
  10 deep elf annihilators
  A spark wasp (Spider:4)
  8 deep elf death magi
  5 ettins
  5 fire dragons
  8 yaktaur captains
  9 ogre magi
  A rakshasa (D:15)
  2 great orbs of eyes
  6 deep elf high priests
  Josephine (D:11)
  29 vault guards
  A ghost crab (Swamp:2)
  An ice dragon (Vaults:1)
  31 hydras
  Erica (D:8)
  3 centaur warriors
  2 catoblepae
  33 two-headed ogres
  3 death knights
  An anaconda (Lair:6)
  26 dancing weapons
  4 alligators
  2 orc high priests (Orc:2)
  Sonja (D:13)
  Nergalle (Lair:1)
  34 deep elf knights
  2 shadow wraiths
  A fire crab (Volcano)
  7 skeletal warriors
  A fire crab (shapeshifter) (Elf:1)
  A deep troll (Vaults:4)
  5 unseen horrors
  A spriggan druid (Swamp:4)
  A shambling mangrove (Swamp:1)
  8 swamp dragons
  6 harpies
  17 ironbrand convokers
  4 wizards
  18 deep elf archers
  A necromancer (Vaults:2)
  2 phantasmal warriors
  A mana viper (shapeshifter) (Vaults:4)
  9 orc sorcerers
  15 ugly things
  A wolf spider (shapeshifter) (Vaults:5)
  An oklob plant (Lair:2)
  15 orb spiders
  75 deep elf magi
  7 orc knights
  A cyclops (shapeshifter) (Vaults:1)
  33 slime creatures
  32 wolf spiders
  5 cyclopes
  A manticore (D:11)
  A faun (shapeshifter) (D:15)
  2 black mambas (shapeshifter) (Vaults:4)
  2 moths of wrath
  Joseph (D:8)
  2 black mambas
  2 gargoyles
  10 vault sentinels
  Psyche (D:8)
  18 spiny frogs
  A guardian serpent (shapeshifter) (Vaults:3)
  2 torpor snails
  17 yaktaurs
  2 kobold demonologists
  A storm dragon simulacrum (Vaults:2)
  7 komodo dragons
  A yaktaur (shapeshifter) (D:13)
  2 rime drakes (Lair:6)
  4 freezing wraiths
  13 demonic crawlers
  2 ice devils (Lair:2)
  A meliai (shapeshifter) (Vaults:1)
  A troll (shapeshifter) (Vaults:4)
  2 trolls
  8 tyrant leeches
  16 hornets
  37 jumping spiders
  9 polar bears (Lair:6)
  7 blink frogs
  A blink frog (shapeshifter) (D:15)
  3 raiju (Lair:6)
  A dream sheep (shapeshifter) (D:14)
  13 bog bodies
  6 hippogriffs
  A stone giant simulacrum (Vaults:2)
  2 centaur simulacra
  2 vampires
  2 air elementals
  18 tarantellas
  Sigmund (D:4)
  A shadow (D:14)
  7 spriggans
  74 redbacks
  5 basilisks
  4 wyverns
  10 fire bats (Volcano)
  3 hogs (shapeshifter)
  7 wraiths
  A hog (Swamp:1)
  37 yaks
  6 steam dragons
  A hungry ghost (D:10)
  Grum (D:10)
  24 vampire mosquitoes
  15 swamp worms
  13 wargs
  Menkaure (D:7)
  A warg (shapeshifter) (D:15)
  14 insubstantial wisps
  5 acid dragons
  3 soldier ants
  A water moccasin (shapeshifter) (Vaults:1)
  10 water moccasins
  9 porcupines
  Duvessa (D:7)
  14 hell hounds
  4 ice beasts
  16 swamp drakes
  35 orc warriors
  11 black bears (Lair:6)
  4 sky beasts
  3 phantoms
  11 boggarts
  4 necrophages
  23 ogres
  30 wolves
  13 centaurs
  19 crocodiles
  2 big kobolds (D:14)
  Dowan (D:7)
  22 bullfrogs
  An ogre simulacrum (Vaults:1)
  A glowing shapeshifter simulacrum (Vaults:2)
  A wyvern skeleton (D:12)
  3 scorpions (Lair:2)
  5 electric eels (Lair:1)
  A howler monkey (D:4)
  8 wights (D:8)
  8 crimson imps
  2 bullfrog zombies
  9 lava snakes
  28 orc priests
  6 hounds
  4 jellies
  4 centaur zombies
  26 orc wizards
  3 bullfrog skeletons
  4 centaur skeletons
  An iguana (D:12)
  Natasha (thrice) (D:2)
  Terence (D:3)
  8 worker ants
  A killer bee zombie (D:7)
  2 hound skeletons (D:7)
  Robin (D:2)
  A howler monkey skeleton (D:11)
  8 adders
  A shadow imp (D:6)
  2 oozes
  2 adder zombies (D:9)
  2 adder skeletons
  6 worms
  2 dart slugs
  9 leopard geckos
  105 orcs
  7 giant cockroaches
  19 goblins
  6 hobgoblins
  4 jackals
  7 quokkas
  A ball python (D:3)
  3 bats
  4 frilled lizards
  12 kobolds
  2 leopard gecko skeletons
  5 rats
  A briar patch (Swamp:4)
  4 bushes (D:3)
  A crawling corpse (Elf:2)
  3 plants
1636 creatures vanquished.

Vanquished Creatures (collateral kills)
  A hell hound (Volcano)
1 creature vanquished.

Vanquished Creatures (others)
  2 ironheart preservers (Vaults:2)
  A hell hog (Volcano)
  2 deep elf archers
  An orb spider (Spider:4)
  8 yaktaurs
  A jumping spider (Spider:4)
  A hornet (Spider:4)
  2 bog bodies (Swamp:4)
  4 redbacks (Spider:4)
  A water elemental (Elf:1)
  A vampire (D:14)
  5 humans (Swamp:1)
  A ball lightning (Spider:4)
  A crawling corpse (Elf:2)
  13 fungi
  21 plants
65 creatures vanquished.

Grand Total: 1702 creatures vanquished

Notes
Turn   | Place    | Note
-------+----------+-------------------------------------------
     0 | D:1      | Eptagon the Gargoyle Berserker began the quest for the Orb.
     0 | D:1      | Reached XP level 1. HP: 14/14 MP: 1/1
   141 | D:1      | Reached XP level 2. HP: 10/19 MP: 2/2
  1045 | D:2      | Noticed Natasha
  1048 | D:2      | Killed Natasha
  1048 | D:2      | Reached XP level 3. HP: 15/24 MP: 3/3
  1082 | D:2      | Noticed Natasha
  1166 | D:2      | Killed Natasha
  1166 | D:2      | Reached XP level 4. HP: 28/29 MP: 4/4
  1179 | D:2      | Noticed Natasha
  1196 | D:2      | Killed Natasha
  1443 | D:2      | Noticed Robin
  1457 | D:2      | Killed Robin
  1474 | D:2      | Reached ** piety under Trog
  1480 | D:2      | Reached XP level 5. HP: 26/33 MP: 5/5
  1774 | D:3      | Noticed Terence
  1782 | D:3      | Killed Terence
  2114 | D:3      | Reached *** piety under Trog
  2259 | D:3      | You fall through a shaft for 3 floors!
  2262 | D:5      | Entered Level 5 of the Dungeon
  2267 | D:5      | Reached XP level 6. HP: 36/39 MP: 6/6
  2274 | D:4      | Found Gidirau's Elemental Accessories.
  2688 | D:4      | Noticed Sigmund
  2716 | D:4      | Killed Sigmund
  2716 | D:4      | Reached skill level 5 in Fighting
  2847 | D:4      | Found a staircase to the Ecumenical Temple.
  2856 | Temple   | Entered the Ecumenical Temple
  3001 | D:4      | Reached XP level 7. HP: 39/44 MP: 7/7
  3136 | D:4      | Reached skill level 5 in Maces & Flails
  3171 | D:4      | Reached skill level 5 in Armour
  3536 | D:5      | Reached XP level 8. HP: 42/51 MP: 8/8
  3976 | D:5      | Reached **** piety under Trog
  4547 | D:6      | Found Zuepridd's Distillery.
  4555 | D:6      | Bought a potion of haste for 110 gold pieces
  4555 | D:6      | Bought a potion of heal wounds for 55 gold pieces
  4555 | D:6      | Bought a potion of cancellation for 88 gold pieces
  4893 | D:7      | Found Azxe's Distillery.
  4934 | D:7      | Noticed a hippogriff
  4948 | D:7      | Killed a hippogriff
  4948 | D:7      | Reached XP level 9. HP: 39/57 MP: 9/9
  5326 | D:7      | Found a burning altar of Makhleb.
  5326 | D:7      | Noticed a cacodemon
  5329 | D:7      | Noticed a hellwing
  5329 | D:7      | Noticed an orange demon
  5342 | D:7      | Noticed Menkaure
  5350 | D:7      | Killed Menkaure
  5402 | D:7      | Noticed Duvessa
  5403 | D:7      | Noticed Dowan
  5410 | D:7      | Killed Duvessa
  5418 | D:7      | Killed Dowan
  6072 | D:8      | Noticed a two-headed ogre
  6082 | D:8      | Killed a two-headed ogre
  6082 | D:8      | Reached XP level 10. HP: 66/66 MP: 10/10
  6129 | D:8      | Received a gift from Trog
  6259 | D:8      | Found Eniy's Armour Shoppe.
  6411 | D:8      | Noticed Joseph
  6440 | D:8      | Killed Joseph
  6657 | D:8      | Noticed Erica
  6696 | D:8      | Killed Erica
  6807 | D:8      | Reached skill level 10 in Fighting
  6954 | D:8      | Bought a +0 buckler for 45 gold pieces
  7014 | D:8      | Noticed Psyche
  7020 | D:8      | Killed Psyche
  7121 | D:9      | Found a sacrificial altar of Ru.
  7218 | D:9      | Reached ***** piety under Trog
  7250 | D:9      | Found Gomuth's Distillery.
  7254 | D:9      | Found Seorric's Jewellery Shoppe.
  7285 | D:9      | Reached skill level 10 in Armour
  7326 | D:9      | Reached skill level 10 in Maces & Flails
  7326 | D:9      | Reached XP level 11. HP: 75/75 MP: 11/11
  7423 | D:9      | Found a staircase to the Lair.
  7450 | D:9      | Reached skill level 1 in Shields
  7809 | D:6      | Bought a potion of curing for 33 gold pieces
  7809 | D:6      | Bought a potion of curing for 33 gold pieces
  7809 | D:6      | Bought a potion of curing for 33 gold pieces
  7967 | D:10     | Entered Level 10 of the Dungeon
  8126 | D:10     | Noticed Grum
  8203 | D:10     | Killed Grum
  8678 | D:10     | Received a gift from Trog
  8709 | D:10     | Reached XP level 12. HP: 76/81 MP: 12/12
  8814 | Lair:1   | Entered Level 1 of the Lair of Beasts
  8916 | Lair:1   | Noticed Nergalle
  8953 | Lair:1   | Killed Nergalle
  9144 | Lair:1   | Noticed Gastronok
  9161 | Lair:1   | Killed Gastronok
  9720 | Lair:2   | Found a hole to the Spider Nest.
  9720 | Lair:2   | Noticed a six-headed hydra
  9858 | Lair:2   | Reached XP level 13. HP: 57/88 MP: 10/13
 10029 | Lair:2   | Found a dark tunnel.
 10039 | Volcano  | Entered a volcano
 10256 | Volcano  | Found a radiant altar of Vehumet.
 10302 | Volcano  | Found a burning altar of Makhleb.
 11012 | Lair:2   | Found a staircase to the Swamp.
 11318 | Lair:2   | Gained mutation: Your large and strong wings let you fly indefinitely. [Gargoyle growth]
 11318 | Lair:2   | Reached XP level 14. HP: 84/96 MP: 12/14
 12012 | Lair:3   | Received a gift from Trog
 13404 | Lair:5   | Found a staircase to the Slime Pits.
 13685 | Lair:6   | Entered Level 6 of the Lair of Beasts
 13926 | Lair:6   | Reached skill level 5 in Dodging
 14194 | Lair:6   | Reached skill level 15 in Fighting
 14446 | Lair:6   | Reached XP level 15. HP: 64/103 MP: 15/15
 15094 | Lair:6   | Reached skill level 15 in Armour
 15737 | D:7      | Bought a potion of lignification for 39 gold pieces
 15737 | D:7      | Bought a potion of curing for 39 gold pieces
 15737 | D:7      | Bought a potion of haste for 130 gold pieces
 15737 | D:7      | Bought a potion of heal wounds for 65 gold pieces
 15737 | D:7      | Bought a potion of curing for 39 gold pieces
 15737 | D:7      | Bought a potion of heal wounds for 65 gold pieces
 15737 | D:7      | Bought 2 potions of cancellation for 208 gold pieces
 15792 | D:9      | Bought a potion of haste for 130 gold pieces
 15792 | D:9      | Bought a potion of curing for 39 gold pieces
 15854 | D:11     | Found Waimafamm's Antique Weapon Boutique.
 15874 | D:11     | Received a gift from Trog
 15884 | D:11     | Found Vefauf's Weapon Emporium.
 15884 | D:11     | Found a staircase to the Orcish Mines.
 16134 | D:11     | Gained mutation: You are clumsy. (Dex -2) [mutagenic meat]
 16135 | D:11     | Gained mutation: Scrolls take you a little longer to read. [mutagenic meat]
 16136 | D:11     | Gained mutation: You are resistant to hostile enchantments. (MR+) [mutagenic meat]
 16137 | D:11     | Gained mutation: Your flesh is cold resistant. (rC+) [mutagenic meat]
 16138 | D:11     | Lost mutation: Scrolls take you a little longer to read. [potion of mutation]
 16138 | D:11     | Lost mutation: Your flesh is cold resistant. (rC+) [potion of mutation]
 16138 | D:11     | Lost mutation: You are resistant to hostile enchantments. (MR+) [potion of mutation]
 16138 | D:11     | Lost mutation: You are clumsy. (Dex -2) [potion of mutation]
 16138 | D:11     | Gained mutation: You have sharp fingernails. [potion of mutation]
 16138 | D:11     | Gained mutation: You do not regenerate when monsters are visible. [potion of mutation]
 16138 | D:11     | Gained mutation: You have large cloven feet. [potion of mutation]
 16138 | D:11     | Gained mutation: You are partially covered in thin metallic scales. (AC +2) [potion of mutation]
 16139 | D:11     | Lost mutation: You are partially covered in thin metallic scales. (AC +2) [potion of mutation]
 16139 | D:11     | Lost mutation: You have sharp fingernails. [potion of mutation]
 16139 | D:11     | Lost mutation: You have large cloven feet. [potion of mutation]
 16139 | D:11     | Gained mutation: You are partially covered in yellow scales. (AC +2) [potion of mutation]
 16139 | D:11     | Gained mutation: You are agile. (Dex +2) [potion of mutation]
 16140 | D:11     | Lost mutation: You are agile. (Dex +2) [potion of mutation]
 16140 | D:11     | Lost mutation: You are partially covered in yellow scales. (AC +2) [potion of mutation]
 16140 | D:11     | Lost mutation: You do not regenerate when monsters are visible. [potion of mutation]
 16140 | D:11     | Gained mutation: Your muscles are strong. (Str +2) [potion of mutation]
 16140 | D:11     | Gained mutation: You are partially covered in slimy green scales. (AC +2) [potion of mutation]
 16162 | D:11     | Noticed Josephine
 16172 | D:11     | Killed Josephine
 17625 | Orc:1    | Entered Level 1 of the Orcish Mines
 17963 | Orc:2    | Entered Level 2 of the Orcish Mines
 18101 | Orc:2    | Found a roughly hewn altar of Beogh.
 18129 | Orc:2    | Found Xeupnurph's Distillery.
 18134 | Orc:2    | Bought a potion of invisibility for 128 gold pieces
 18151 | Orc:2    | Found a roughly hewn altar of Beogh.
 18225 | Orc:2    | Found a roughly hewn altar of Beogh.
 18345 | Orc:2    | Found a roughly hewn altar of Beogh.
 18455 | Orc:2    | Received a gift from Trog
 18512 | Orc:2    | Found a staircase to the Elven Halls.
 18579 | Orc:2    | Noticed an orc warlord
 18897 | Orc:2    | Found a roughly hewn altar of Beogh.
 18969 | Orc:2    | Killed an orc warlord
 19147 | Orc:2    | Found Bynicym's Antique Armour Shoppe.
 19147 | Orc:2    | Found a roughly hewn altar of Beogh.
 19332 | Orc:2    | Found Uchobb's Antique Weapon Emporium.
 19340 | Orc:2    | Bought a glowing large shield for 217 gold pieces
 19392 | Orc:2    | Found Xizeloiw's Book Boutique.
 19486 | Orc:2    | Reached skill level 15 in Maces & Flails
 19539 | Orc:2    | Reached skill level 5 in Shields
 19949 | Orc:2    | Bought a potion of resistance for 160 gold pieces
 19949 | Orc:2    | Bought a potion of agility for 64 gold pieces
 19949 | Orc:2    | Bought a potion of agility for 64 gold pieces
 19949 | Orc:2    | Bought a potion of agility for 64 gold pieces
 19949 | Orc:2    | Bought a potion of agility for 64 gold pieces
 19949 | Orc:2    | Bought a potion of curing for 48 gold pieces
 19949 | Orc:2    | Bought a potion of curing for 48 gold pieces
 19949 | Orc:2    | Bought a potion of curing for 48 gold pieces
 20167 | D:13     | Received a gift from Trog
 20350 | D:13     | Found a gate to the Vaults.
 20420 | D:13     | Noticed Sonja
 20427 | D:13     | Killed Sonja
 20716 | D:13     | Reached XP level 16. HP: 110/110 MP: 16/16
 21131 | D:14     | Found a sparkling altar of Nemelex Xobeh.
 21310 | D:14     | Noticed a sphinx
 21351 | D:14     | Killed a sphinx
 22460 | D:14     | Reached ****** piety under Trog
 22677 | D:15     | Entered Level 15 of the Dungeon
 22733 | D:15     | Found a white marble altar of Elyvilon.
 22841 | D:15     | HP: 4/111 [enormous slime creature (37)]
 23310 | D:15     | Received a gift from Trog
 23551 | D:15     | Found a staircase to the Depths.
 24555 | Spider:1 | Entered Level 1 of the Spider Nest
 25498 | Spider:1 | Received a gift from Trog
 25840 | Spider:1 | Reached XP level 17. HP: 109/117 MP: 17/17
 26795 | Spider:3 | Reached skill level 10 in Shields
 26973 | Spider:3 | Received a gift from Trog
 27052 | Spider:3 | Identified a scroll of acquirement
 27054 | Spider:3 | Got a pair of translucent boots
 27065 | Spider:3 | Identified the +1 pair of boots of Fun and Games {*Slow rN++ Int+3 SInv} (You acquired it on level 3 of the Spider Nest)
 27460 | Spider:4 | Entered Level 4 of the Spider Nest
 27492 | Spider:4 | Noticed Nikola
 27507 | Spider:4 | Killed Nikola
 27894 | Spider:4 | Noticed Aizul
 27962 | Spider:3 | Killed Aizul
 28723 | Spider:4 | Received a gift from Trog
 29362 | Spider:4 | Reached XP level 18. HP: 70/124 MP: 18/18
 29738 | Spider:4 | Got a gossamer rune of Zot
 29870 | Swamp:1  | Entered Level 1 of the Swamp
 30179 | Swamp:1  | Noticed Kirke
 30263 | Swamp:1  | Killed Kirke
 30747 | Swamp:1  | Noticed Donald
 30766 | Swamp:1  | Killed Donald
 31773 | Swamp:3  | Received a gift from Trog
 31833 | Swamp:3  | Noticed Jorgrun
 31864 | Swamp:3  | Killed Jorgrun
 32634 | Swamp:3  | Noticed a tentacled monstrosity
 32661 | Swamp:3  | Killed a tentacled monstrosity
 32765 | Swamp:4  | Entered Level 4 of the Swamp
 32778 | Swamp:4  | Received a gift from Trog
 33384 | Swamp:4  | Noticed Mara
 33396 | Swamp:4  | Noticed Eptagon's illusion
 33613 | Swamp:4  | Killed Mara
 33699 | Swamp:4  | Reached XP level 19. HP: 126/132 MP: 9/19
 33857 | Swamp:4  | Received a gift from Trog
 33857 | Swamp:4  | Reached skill level 15 in Shields
 33898 | Swamp:4  | Noticed the 27-headed Lernaean hydra
 33909 | Swamp:4  | Killed the 27-headed Lernaean hydra
 34185 | Swamp:4  | Got a decaying rune of Zot
 34656 | Orc:2    | Bought 2 potions of might for 128 gold pieces
 34656 | Orc:2    | Bought a potion of cancellation for 128 gold pieces
 34656 | Orc:2    | Bought a potion of haste for 160 gold pieces
 34713 | Elf:1    | Entered Level 1 of the Elven Halls
 34918 | Elf:1    | Found Wetzahoff's Distillery.
 34942 | Elf:1    | Bought a potion of might for 60 gold pieces
 34942 | Elf:1    | Bought a potion of curing for 45 gold pieces
 34942 | Elf:1    | Bought a potion of curing for 45 gold pieces
 34942 | Elf:1    | Bought a potion of mutation for 120 gold pieces
 34942 | Elf:1    | Bought a potion of mutation for 120 gold pieces
 34942 | Elf:1    | Bought a potion of might for 60 gold pieces
 34956 | Elf:1    | Found Luecan's General Store.
 35021 | Elf:1    | Found Xophebex's Distillery.
 35165 | Elf:1    | Gained mutation: You tend to lose your temper in combat. [a neqoxec]
 35187 | Elf:1    | Received a gift from Trog
 35191 | Elf:1    | Lost mutation: Your muscles are strong. (Str +2) [potion of mutation]
 35191 | Elf:1    | Lost mutation: You tend to lose your temper in combat. [potion of mutation]
 35191 | Elf:1    | Lost mutation: You are partially covered in slimy green scales. (AC +2) [potion of mutation]
 35191 | Elf:1    | Gained mutation: Armour fits poorly on your strangely shaped body. [potion of mutation]
 35191 | Elf:1    | Gained mutation: You are frail. (-10% HP) [potion of mutation]
 35191 | Elf:1    | Gained mutation: Your natural rate of healing is unusually fast. [potion of mutation]
 35192 | Elf:1    | Lost mutation: You are frail. (-10% HP) [potion of mutation]
 35192 | Elf:1    | Gained mutation: You tend to lose your temper in combat. [potion of mutation]
 35192 | Elf:1    | Gained mutation: You have sharp toenails. [potion of mutation]
 35192 | Elf:1    | Gained mutation: Your spells are a little harder to cast, but a little more powerful. [potion of mutation]
 35193 | Elf:1    | Lost mutation: Your spells are a little harder to cast, but a little more powerful. [potion of mutation]
 35193 | Elf:1    | Lost mutation: You have sharp toenails. [potion of mutation]
 35193 | Elf:1    | Lost mutation: Your natural rate of healing is unusually fast. [potion of mutation]
 35193 | Elf:1    | Lost mutation: Armour fits poorly on your strangely shaped body. [potion of mutation]
 35193 | Elf:1    | Lost mutation: You tend to lose your temper in combat. [potion of mutation]
 35193 | Elf:1    | Gained mutation: You passively map a small area around you. [potion of mutation]
 35193 | Elf:1    | Gained mutation: Your spells are a little harder to cast, but a little more powerful. [potion of mutation]
 35229 | Elf:1    | Found Lisydeni's Distillery.
 35249 | Elf:1    | Found Diof's Magic Scroll Boutique.
 35253 | Elf:1    | Found Sun Wuriesud's Antique Weapon Boutique.
 35875 | Elf:2    | Received a gift from Trog
 35916 | Elf:2    | Found a flickering gateway to a bazaar.
 35944 | Bazaar   | Entered a bazaar
 35944 | Bazaar   | Found Sefun's Book Shoppe.
 35944 | Bazaar   | Found Musi's Armour Emporium.
 35949 | Bazaar   | Found Sasauff's General Store.
 35963 | Bazaar   | Found Nehadyng's Armour Emporium.
 35985 | Bazaar   | Bought a scroll of enchant armour for 90 gold pieces
 35985 | Bazaar   | Bought a scroll of teleportation for 36 gold pieces
 35985 | Bazaar   | Bought a scroll of identify for 24 gold pieces
 36028 | Elf:2    | Found a runed gate.
 36031 | Elf:2    | Found a runed gate.
 36034 | Elf:2    | Found a runed gate.
 36330 | Elf:2    | Received a gift from Trog
 36796 | Elf:2    | Reached XP level 20. HP: 111/139 MP: 7/20
 37033 | Elf:2    | Received a gift from Trog
 37142 | Elf:3    | Entered Level 3 of the Elven Halls
 37176 | Elf:3    | Upgraded the game from 0.21-a0-156-g77413b7 to 0.21-a0-163-g3aa3f5d
 38237 | Elf:3    | Received a gift from Trog
 38697 | Elf:3    | Noticed a Tzitzimitl
 38733 | Elf:3    | Identified the Tome of Supportive Self-Knowledge
 38740 | Elf:3    | Identified the cursed +0 arbalest of Disarray {penet, +Fly rC+ Stlth+} (You found it on level 3 of the Elven Halls)
 38764 | Elf:3    | Identified a +0 pair of boots of running (You found it on level 3 of the Elven Halls)
 39238 | Vaults:1 | Entered Level 1 of the Vaults
 39256 | Vaults:1 | Reached XP level 21. HP: 128/146 MP: 10/21
 39426 | Vaults:1 | Received a gift from Trog
 39968 | Vaults:1 | Found a deep blue altar of Sif Muna.
 40931 | Vaults:2 | Received a gift from Trog
 40947 | Vaults:2 | Identified the +1 eveningstar "Katruuqo" {elec, Int+5 Dex-4} (Trog gifted it to you on level 2 of the Vaults)
 42055 | Vaults:2 | Received a gift from Trog
 42067 | Vaults:2 | Found a staircase to the Crypt.
 43150 | Vaults:3 | Reached XP level 22. HP: 101/153 MP: 7/22
 44117 | Vaults:4 | Received a gift from Trog
 45257 | Vaults:5 | Entered Level 5 of the Vaults
 45340 | Vaults:5 | Received a gift from Trog
 45394 | Vaults:5 | HP: 6/155 [vault warden/bardiche of chopping (6)]
 45761 | Vaults:5 | Reached XP level 23. HP: 132/160 MP: 7/23
 45795 | Vaults:5 | Identified the +5 plate armour "Igou" {MR+} (You found it on level 5 of the Vaults)
 45809 | Vaults:5 | Noticed a golden dragon
 45827 | Vaults:5 | Killed a golden dragon
 46084 | Vaults:5 | Noticed an ancient lich
 46098 | Vaults:5 | HP: 5/161 [tengu reaver/fireball (6)]
 46098 | Vaults:5 | Killed from afar by a battlesphere

Vault maps used:
D:1:      minmay_arrival_widening_spiral_wide
D:2:      first_bread, uniq_robin, uniq_natasha
D:3:      serial_park_tiny_1, minmay_crystal_water, lexackson_kobold_supper,
          uniq_terence
D:4:      temple_pool_b, minmay_misc_feat_enclosed, nicolae_elemental_shop,
          uniq_sigmund
D:5:      minmay_strange_pillars
D:6:      serial_shops, shop, corexii_hall_statues_i
D:7:      serial_shops, shop_statue, makhleb_altar_promises_db, uniq_menkaure,
          uniq_duvessa
D:8:      serial_shops, shop, kennysheep_generic_room_4, uniq_psyche,
          uniq_erica, uniq_joseph
D:9:      nicolae_ru_awakened_eye, erik_lair_orcish_takeover, serial_shops,
          shop, nicolae_shop_behind_doors
D:10:     uniq_grum
D:11:     orc_david_3, serial_shops, shop_statue, uniq_josephine
D:12:     mumra_transporter_accident, hangedman_pestilent_swarm
D:13:     david_vaults_4, serial_glass, glass_columns_a, glass_columns_a,
          item_on_display_b, item_on_display_b, uniq_sonja
D:14:     minmay_concentric_multi, hangedman_abyss_or_decor_stagger,
          nemelex_diamond_rough_becter
D:15:     gammafunk_enter_depths_forms, elyvilon_altar_5
Temple:   grunt_wide_crystal_templ
Lair:1:   serial_bayou, serial_bayou_lagoon_a, serial_bayou_crossing,
          serial_bayou_shore_b, serial_bayou_lagoon_b, uniq_gastronok,
          uniq_nergalle
Lair:2:   swamp_mist_pool, nicolae_spider_entry_non_spiders,
          portal_ice_cave_demonic_guard, lightli_volcano_entry_magma_tube,
          minmay_lair_oklob_chamber
Lair:5:   minmay_slime_entry_pillars
Lair:6:   guppyfry_lair_end_dragon, hangedman_lair_caniforms_friends
Swamp:1:  evilmike_swamp_ruin_rubble_2, uniq_donald, uniq_kirke
Swamp:2:  serial_swamp_ruin, hangedman_swamp_ruin_wall,
          evilmike_swamp_ruin_rubble_1, infiniplex_staircase_pool
Swamp:3:  cheibrodos_swamp_monstrosity, hangedman_swamp_lotus, uniq_jorgrun
Swamp:4:  grunt_swamp_rune_castle, uniq_mara
Spider:2: nicolae_spider_circle_web, nicolae_spider_nook
Spider:4: grunt_spider_rune_circles, uniq_aizul, uniq_nikola
Orc:2:    grunt_orc_community_town_hall, grunt_orc_community_big_house_1,
          grunt_orc_community_big_house_2, grunt_orc_community_house_3,
          grunt_orc_community_house_2, grunt_orc_community_house_1,
          grunt_orc_community_house_2, grunt_orc_community_house_3
Elf:1:    eino_elf_arrival_the_gate, serial_shops, shop, shop, shop,
          shop_fountains, minmay_elf_crystal_heptagon, minivault_5,
          minmay_shop_star
Elf:2:    serial_shops, bzr_entry_customers
Elf:3:    minmay_elf_hall_hex, grunt_ministairs_3
Vaults:1: vaults_dpeg_encased_lava, ontoclasm_vaults_tryst, vaults_room_grid,
          nicolae_vaults_little_squares_2, v_pattern_1, ontoclasm_vaults_twist,
          nicolae_vaults_network_star, st_lattice,
          vaults_room_grunt_arrival_ludios, basic_altar
Vaults:2: nicolae_vaults_quadrants, minmay_crypt_entry_simple_box,
          hangedman_vaults_pinch, v_misc_11, hangedman_vaults_snaps, v_misc_9,
          nicolae_vaults_little_squares_2, v_misc_28,
          nicolae_vaults_little_squares_1, ontoclasm_vaults_decontamination,
          nicolae_vaults_what_the_h, ontoclasm_vaults_pinch,
          vaults_dpeg_diagonal
Vaults:3: v_alt_pattern_3, vaults_room_ringed_pool, v_misc_16, vaults_room_pool,
          vaults_room_door_hall, dpeg_vaults_waves, vaults_dpeg_spiral,
          nicolae_vaults_alarming, nicolae_vaults_little_squares_1,
          grunt_vaults_hallway_long, hangedman_vaults_trim
Vaults:4: v_misc_14, nicolae_vaults_mini_display_case,
          vaults_room_stairs_pillars, v_pattern_2, vaults_room_grid,
          ontoclasm_vaults_bender, hangedman_vaults_trim, v_misc_28,
          nicolae_vaults_triangles, ontoclasm_vaults_misaligned,
          nicolae_vaults_network_quinsquares, v_misc_23,
          ontoclasm_vaults_ring_small, serial_ice_g,
          nicolae_vaults_diagonal_hallway_6
Vaults:5: serial_shops
Bazaar:   bazaar_minmay_row
Volcano:  volcano_grotto

Skill      XL: |  1  2  3  4  5  6  7  8  9 10 11 12 13 14 15 16 17 18 19 20 21 22 |
---------------+-------------------------------------------------------------------+-----
Fighting       | 4 5 6 7 9 11 12 13 14 15 16 17 18 19 20 21 | 21.7
Dodging        | 2 5 7 8 |  8.8
Armour         | 3 4 5 7 8 11 13 14 15 16 17 18 19 20 21 | 21.8
Maces & Flails | 4 5 6 8 10 11 12 13 15 16 | 16.0
Shields        | 2 4 5 8 12 14 16 18 20 21 | 21.5

Action                   |  1- 3 |  4- 6 |  7- 9 | 10-12 | 13-15 | 16-18 | 19-21 | 22-24 || total
-------------------------+-------+-------+-------+-------+-------+-------+-------+-------++-------
Melee: Mace              |    26 |       |       |       |       |       |       |       ||    26
       Dagger            |    12 |   339 |   144 |       |       |       |       |       ||   495
       Flail             |       |       |   189 |     6 |       |       |       |       ||   195
       Dire flail        |       |       |       |   128 |       |       |       |       ||   128
       Morningstar       |       |       |       |   317 |  1864 |  2448 |       |       ||  4629
       Demon whip        |       |       |       |       |       |    10 |       |       ||    10
       Eveningstar       |       |       |       |       |       |   212 |  1847 |   768 ||  2827
       Unarmed           |       |       |       |       |       |     7 |       |       ||     7
Throw: Javelin           |       |       |       |     3 |     2 |     2 |       |       ||     7
Invok: Berserk           |       |       |     7 |     4 |     3 |       |       |       ||    14
       Trog's Hand       |       |       |     1 |     1 |     4 |     1 |     1 |     2 ||    10
       Brothers in Arms  |       |       |       |       |     1 |       |       |       ||     1
 Abil: Fly               |       |       |       |       |     1 |       |       |       ||     1
Evoke: Wand              |       |       |     1 |       |     1 |       |     3 |       ||     5
       Lamp of fire      |       |       |       |       |       |       |       |     1 ||     1
  Use: Scroll            |       |       |     2 |    12 |     9 |    14 |    10 |     6 ||    53
       Potion            |       |       |       |     2 |     8 |     3 |     5 |     5 ||    23
 Stab: Confused          |       |       |     1 |       |       |       |       |       ||     1
       Petrified         |       |       |       |       |       |     7 |       |       ||     7
  Eat: Chunk             |       |     7 |    16 |    18 |    43 |    40 |    33 |    10 ||   167
       Fruit             |       |       |       |     1 |     1 |       |       |       ||     2
       Royal jelly       |       |       |       |       |     2 |     3 |       |       ||     5
Armor: Leather armour    |     9 |       |       |       |       |       |       |       ||     9
       Animal skin       |     1 |       |       |       |       |       |       |       ||     1
       Ring mail         |     3 |    54 |       |       |       |       |       |       ||    57
       Chain mail        |       |    83 |   284 |   102 |       |       |       |       ||   469
       Plate armour      |       |       |       |   150 |  1526 |  2349 |   745 |   339 ||  5109
Dodge: Dodged            |    15 |   106 |   155 |   116 |  1019 |   887 |   320 |   164 ||  2782
Block: Buckler           |       |       |       |    47 |   460 |       |       |       ||   507
       Large shield      |       |       |       |       |   126 |  2998 |  1622 |  1055 ||  5801
       Reflection        |       |       |       |       |       |       |    43 |    38 ||    81
